 Dungeon Crawl Stone Soup version 0.24-a0-590-ga6a8d0c (webtiles) character file.

Game seed: 3160052343628773402, levelgen mode: deterministic

101 Dorkslayer the Skirmisher (level 4, -1/33 HPs)
             Began as an Octopode Fighter on Sept 8, 2019.
             Slain by an adder (4 damage)
             ... on level 2 of the Dungeon.
             The game lasted 00:04:06 (658 turns).

Dorkslayer the Skirmisher (Octopode Fighter)         Turns: 658, Time: 00:04:06

Health: -1/33      AC:  1    Str: 14 (16) XL:     4   Next: 75%
Magic:  4/4        EV: 12    Int:  9 (10) God:
Gold:   32         SH:  8    Dex: 11      Spells: 3/3 levels left

rFire    . . .     SeeInvis .   a - +0 long sword
rCold    . . .     Gourm    .   b - +0 shield
rNeg     . . .     Faith    .   (helmet restricted)
rPois    .         Spirit   .   (no amulet)
rElec    .         Reflect  .   (no ring)
rCorr    .         Harm     .   (no ring)
MR       .....                  (no ring)
Stlth    +++.......             (no ring)
HPRegen  0.11/turn              (no ring)
MPRegen  0.09/turn              (no ring)
                                (no ring)
                                (no ring)

@: no status effects
A: almost no armour, stealthy swim, amphibious, 8 rings, constrict 8, camouflage
1, gelatinous body 1
a: no special abilities


You were on level 2 of the Dungeon.
You were not hungry.

You visited 1 branch of the dungeon, and saw 2 of its levels.

You collected 32 gold pieces.

Inventory:

Hand Weapons
 a - a +0 long sword (weapon)
Armour
 b - a +0 shield (worn)
Scrolls
 e - 2 scrolls of identify {unknown}
 h - a scroll of amnesia {unknown}
 i - a scroll of teleportation {unknown}
Potions
 g - a potion of degeneration
Comestibles
 d - 8 rations
 f - 9 chunks of flesh


   Skills:
 * Level 3.9 Fighting
 + Level 2.6 Long Blades
 + Level 3.5 Dodging
 + Level 2.0 Stealth
 + Level 3.3 Shields


You had 3 spell levels left.
You didn't know any spells.
Your spell library was empty.

Dungeon Overview and Level Annotations

Branches:
Dungeon (2/15)

Altars:


Innate Abilities, Weirdness & Mutations

You cannot wear most types of armour.
You are very stealthy in the water. (Stealth+)
You are amphibious.
You can wear up to eight rings at the same time.
You can use your tentacles to constrict eight enemies at once.
Your skin changes colour to match your surroundings (Stealth+).
Your rubbery body absorbs attacks. (AC +1, EV +1)


Message History

The adder closely misses you.
You closely miss the adder. Your grab misses the adder.
Your squeeze misses the adder. The adder completely misses you.
You block the adder's attack. The adder bites you.
You hit the adder. Your grab misses the adder. Your squeeze misses the adder.
The adder is lightly wounded.
The adder completely misses you. You block the adder's attack.
The adder bites you.
* * * LOW HITPOINT WARNING * * *
You hit the adder. You grab the adder. Your squeeze misses the adder.
The adder is moderately wounded.
You constrict the adder.
The adder struggles to escape constriction.
You barely miss the adder.
The adder is heavily wounded.
You constrict the adder. The adder bites you.
* * * LOW HITPOINT WARNING * * *
The adder bites you.
You die...

#...........
...#.......... . #
#..#......... ..
.###.......... ... #
............#....
##.......?.......... .##
#!.#...#...........#
.....##......#............
........ #@.##..#..#......
........##S###?...##.#....
.........SS# #...#...#....
.....###...###...#.#......
.........[..)...##...#..
#..............÷.###.#
##...<........÷......#
#...............#####
#>..............#


You could see 2 adders and a ball python.

Vanquished Creatures
  Natasha (twice) (D:2)
  A gnoll (D:1)
  An ooze (D:1)
  2 dart slugs (D:1)
  A leopard gecko (D:1)
  4 bats
  A giant cockroach (D:1)
  A goblin (D:1)
  2 hobgoblins (D:1)
  7 jackals
  A frilled lizard (D:1)
  6 kobolds
  3 rats (D:1)
32 creatures vanquished.

Notes
Turn   | Place    | Note
-------+----------+-------------------------------------------
     0 | D:1      | Dorkslayer the Octopode Fighter began the quest for the
                  | Orb.
     0 | D:1      | Reached XP level 1. HP: 16/16 MP: 1/1
    91 | D:1      | Reached XP level 2. HP: 14/21 MP: 2/2
   348 | D:1      | Reached XP level 3. HP: 19/26 MP: 3/3
   589 | D:1      | Reached skill level 1 in Stealth
   604 | D:2      | Noticed Natasha
   612 | D:2      | Killed Natasha
   612 | D:2      | Reached XP level 4. HP: 12/33 MP: 4/4
   616 | D:2      | Noticed Natasha
   622 | D:2      | Killed Natasha
   658 | D:2      | Slain by an adder

Levels and vault maps discovered:
D:1:      dpeg_arrival_simpleton_c, layout_loops_ring
D:2:      layout_rooms, uniq_natasha

Skill      XL: |  1  2  3  4 |
---------------+-------------+-----
Stealth        | 1 2 |  2.0
Fighting       | |  3.9
Long Blades    | |  2.6
Dodging        | |  3.5
Shields        | |  3.3

Action                   |  1- 3 |  4- 6 || total
-------------------------+-------+-------++-------
Melee: Long sword        |    42 |    14 ||    56
       Constrict         |    14 |     3 ||    17
       Tentacles         |    11 |     1 ||    12
  Use: Potion            |     1 |     1 ||     2
 Stab: Sleeping          |     5 |       ||     5
Armor: Skin              |     3 |     1 ||     4
Dodge: Dodged            |    24 |     6 ||    30
Block: Shield            |    15 |     7 ||    22
       Rpst.: Long sword |     4 |     1 ||     5

Table legend:
 A = Non-vault XP
 B = Vault XP
 C = Vault XP percentage of total XP
 D = Non-vault monster count
 E = Vault monster count
 F = Vault count percentage of total count
                 A         B        C        D         E       F
            +---------+---------+-------+---------+---------+-------
      Total |     110 |      35 |  24.1 |      31 |       1 |   3.1
            +---------+---------+-------+---------+---------+-------
        D:1 |      64 |       0 |   0.0 |      24 |       0 |   0.0
        D:2 |      46 |      35 |  43.2 |       7 |       1 |  12.5
            +---------+---------+-------+---------+---------+-------
